wizbiz, neutral female human Wizard ------------- -------- |...........| |.......#### |...........| |......| # ............| |......+####### |...........| |......| # .-.---------- |.........<.| |......| *######.*.*.......*| ---|--------- -------- # ####|.....*.....| #_0# #####....-.---...- # # # |...|.{.|...| ### #### |..*|{.{|*..| # # |...|.{.|...| ----.-- ### |...-----...| |.....| # |.....*.....| |..^...##### |*.........*| |+...[| ------------- ------- wizbiz the Thaumaturge Experience level: 6 Strength: 10 Dexterity: 18 Constitution: 13 Intelligence: 18 Wisdom: 10 Charisma: 9 Health: 46(46) Energy: 47(63) Def: 6 Gold: 0 Moves: 6289 Dungeon seed: C-YGIIvtv14lueZl Game ID: wizbiz_1525739001 Your Inventory: Weapons a - a blessed +2 quarterstaff (weapon in hands) D - 24 +0 darts Armor e - an uncursed +0 cloak of magic resistance (being worn) n - an uncursed +0 orcish helm (being worn) q - an uncursed +0 studded leather armor (being worn) W - an uncursed -2 pair of levitation boots Scrolls i - an uncursed scroll of identify N - an uncursed scroll of teleportation O - a cursed scroll of enchant weapon Spellbooks j - a blessed spellbook of force bolt m - a blessed spellbook of magic missile Potions o - an uncursed potion of sickness x - a cursed potion of object detection z - a cursed potion of gain level U - a blessed potion of polymorph Rings c - an uncursed ring of invisibility (on left hand) d - an uncursed +1 ring of protection (on right hand) Tools v - a can of grease (0:22) E - an uncursed skeleton key Spells and supernatural/magical abilities: Name Level Category Fail Memory a - force bolt 1 attack 0% 69% m - magic missile 2 attack 0% 93% z - sleep 1 enchantment 0% 69% W - pray for help -- divine ? -- Your skills at the end: Fighting Skills Weapon Skills quarterstaff [Skilled] Spellcasting Skills attack spells [Basic] enchantment spells [Basic] Final Attributes: You were piously aligned. You were magic-protected. You were invisible. You were protected. You were unlucky. Thoth was angry with you. You are dead. Vanquished creatures: a chameleon a quivering blob a leprechaun an iron piercer a blue jelly 4 bugbears 2 mountain nymphs a rock piercer 3 rock moles a fog cloud 4 yellow lights 4 shriekers 3 violet fungi 4 gnome lords 4 elf zombies a paper golem 6 giant ants a little dog 4 floating eyes a dwarf 6 hill orcs 3 rothes a centipede a giant bat an orc zombie a wererat an iguana an acid blob 3 coyotes 3 gas spores a hobbit 2 large kobolds 2 hobgoblins 2 giant rats 2 cave spiders a yellow mold a gnome a gnome zombie 2 geckos 13 jackals 5 foxes 2 goblins 2 sewer rats 5 grid bugs 7 lichens 2 kobold zombies 6 newts 125 creatures vanquished. Voluntary challenges: You had been an atheist until turn 3108. You used a wielded weapon 135 times, starting on turn 49. You read items or engraved 10 times, starting on turn 109. You never genocided any monsters. You never polymorphed an object. You never changed form. You used no wishes. You never split a pudding. You never wrote Elbereth's name. You never violated your personal moral code. Dungeon overview: The Dungeons of Doom: levels 1 to 7 Level 1 a long staircase Level 2 some fountains Level 3 a fountain Level 4 a potion shop, a fountain stairs to The Gnomish Mines Level 5 a fountain Level 6 an altar to Thoth Level 7 <- You were here many fountains The Gnomish Mines: Level 5 stairs to The Dungeons of Doom History has recorded: On T:1 you entered the Dungeons of Doom to retrieve the Amulet of Yendor! On T:197 you reached level 2 of The Dungeons of Doom. On T:547 you reached level 3 of The Dungeons of Doom. On T:572 you advanced to experience level 2. On T:783 you reached level 4 of The Dungeons of Doom. On T:1067 you advanced to experience level 3. On T:1374 you advanced to experience level 4. On T:1777 you reached level 1 of The Gnomish Mines. On T:1796 you reached level 5 of The Dungeons of Doom. On T:2176 you advanced to experience level 5. On T:2251 you reached level 6 of The Dungeons of Doom. On T:3666 you advanced to experience level 6. On T:5212 you advanced to experience level 7. On T:5604 you reached level 7 of The Dungeons of Doom. Score breakdown: Gold: 0 ( 0 points) Experience: 6 levels (12456 points) Exploration: 7 levels ( 14.00%) (10497 points) Discoveries: 11 items ( 3.81%) ( 5852 points) Valuables value: (no points given unless you survive) Artifact value: 0 ( 0 points) Variety of kills: 47 monsters ( 12.34%) (10536 points) Turncount: 6289 turns (-1693 points) Survival: died (score multiplied by 80%) Total score: 30118 Latest messages: You faint from lack of food. You come to. You faint from lack of food. You come to. You stop. Your housecat is in the way! You faint from lack of food. You come to. You faint from lack of food. You come to. That command is only available in debug mode. (2x) You faint from lack of food. You come to. You stop. Your housecat is in the way! You faint from lack of food. You come to. You faint from lack of food. You come to. You faint from lack of food. You come to. That command is only available in debug mode. (3x) You faint from lack of food. You come to. You faint from lack of food. You die from starvation. Final status: Goodbye wizbiz the Wizard, died of starvation, while fainted from lack of food... You starved in The Dungeons of Doom on dungeon level 7 with 30118 points, and 0 pieces of gold, after 6289 moves. You were level 6 with a maximum of 46 hit points when you starved.